 Dungeon Crawl Stone Soup version 0.25-a0-167-g836c352ace (webtiles) character file.

Game seed: 10360358165310905712, levelgen mode: deterministic

58 Leeroy the Conjurer (level 3, -8/26 HPs)
             Began as a Draconian Conjurer on Nov 25, 2019.
             Mangled by a gnoll
             ... wielding a +0 flail
              (11 damage)
             ... on level 3 of the Dungeon.
             The game lasted 00:03:57 (2087 turns).

Leeroy the Conjurer (Draconian Conjurer)            Turns: 2087, Time: 00:03:58

Health: -8/26      AC:  5    Str: 11    XL:     3   Next: 75%
Magic:  6/6        EV: 12    Int: 15    God:
Gold:   97         SH:  0    Dex: 11    Spells: 3/6 levels left

rFire    . . .     SeeInvis .   q - +1 dagger (venom)
rCold    . . .     Gourm    .   (no shield)
rNeg     . . .     Faith    .   (armour unavailable)
rPois    .         Spirit   .   (helmet restricted)
rElec    .         Reflect  .   (no cloak)
rCorr    .         Harm     .   (no gloves)
MR       .....                  (no boots)
Stlth    ++........             (no amulet)
HPRegen  0.08/turn              (no ring)
MPRegen  0.10/turn              (no ring)

@: no status effects
A: unfitting armour, cold-blooded, AC +5
a: no special abilities


You were on level 3 of the Dungeon.
You were not hungry.

You visited 1 branch of the dungeon, and saw 3 of its levels.

You collected 97 gold pieces.

Inventory:

Hand Weapons
 c - a +0 whip
 d - a +0 short sword
 m - a +0 dagger
 q - a +1 dagger of venom (weapon)
Missiles
 g - 64 stones (quivered)
 k - 2 poisoned darts
Armour
 r - a +0 cloak
 u - +0 pearl dragon scales
Jewellery
 l - a cursed -2 ring of protection {unknown}
 o - a +2 amulet of reflection {unknown}
Scrolls
 e - a scroll of enchant armour {unknown}
 f - a scroll of random uselessness {unknown}
 h - a scroll of remove curse {unknown}
 i - 2 scrolls of enchant weapon
 p - a scroll of identify {unknown}
 t - 2 scrolls of teleportation {unknown}
Potions
 a - a potion of degeneration {unknown}
 j - a potion of heal wounds {unknown}
 s - a potion of magic {unknown}
Comestibles
 b - 3 rations


   Skills:
 - Level 1.7 Dodging
 + Level 3.7 Stealth
 - Level 2.0 Spellcasting
 - Level 4.2 Conjurations


You had 3 spell levels left.
You knew the following spells:

 Your Spells              Type           Power        Failure   Level  Hunger
a - Magic Dart            Conj           ##..         3%          1    #......
b - Searing Ray           Conj           ##....       6%          2    ###....

Your spell library contained the following spells:

 Spells                   Type           Power        Failure   Level  Hunger
 Dazzling Spray           Conj/Hex       #.....       28%         3    ###....
 Iskenderun's Mystic Bla  Conj           ##......     36%         4    #####..
 Force Lance              Conj/Tloc      #.......     67%         4    #####..
 Fulminant Prism          Conj/Hex       #.........   67%         4    #####..


Dungeon Overview and Level Annotations

Branches:
Dungeon (3/15)

Altars:
Elyvilon

Annotations:
D:2 Sigmund


Innate Abilities, Weirdness & Mutations

Your plain brown scales are hard. (AC +5)
You cannot fit into any form of body armour.
You are cold-blooded and may be slowed by cold attacks.


Message History

Found a scroll labeled EKLA VEOPI.
You see here a scroll labeled BISEHO GYUREMP.
t - 2 scrolls labeled BISEHO GYUREMP (gained 1)
An orc comes into view. It is wielding a +0 falchion.
The gnoll hits you with a +0 flail.
You barely miss the gnoll. You tail-slap the gnoll.
The gnoll is moderately wounded.
You hit the gnoll.
The gnoll is heavily wounded.
The quokka bites you. The gnoll barely misses you. The quokka bites you.
You barely miss the gnoll.
The gnoll is heavily wounded.
The gnoll hits you with a +0 flail!
* * * LOW HITPOINT WARNING * * *
The quokka bites you but does no damage.
You barely miss the gnoll.
The gnoll is heavily wounded.
The quokka bites you but does no damage.
The gnoll hits you with a +0 flail!
You die...

...###........
.(#.#<........#
#.#.###.#####.#
#.#.###.#
####.#.....#
..[.#..#######
#?#####..#........#
#.....#..##.#####....
#.$.@g.).)....... .
#....r..o.#......
#.>..............
#.###....#.#..... #.
####.._..#### #
###.#.. .#... %. [.


You could see a gnoll, an orc and a quokka.

Vanquished Creatures
  2 adders (D:2)
  A worm (D:2)
  A dart slug (D:1)
  2 orcs (D:3)
  5 bats
  2 giant cockroaches
  A goblin (D:2)
  2 hobgoblins (D:1)
  5 jackals (D:2)
  4 kobolds
  A ball python (D:2)
  3 frilled lizards (D:1)
  2 rats
31 creatures vanquished.

Notes
Turn   | Place    | Note
-------+----------+-------------------------------------------
     0 | D:1      | Leeroy the Draconian Conjurer began the quest for the Orb.
     0 | D:1      | Reached XP level 1. HP: 14/14 MP: 3/3
   620 | D:1      | Reached XP level 2. HP: 15/20 MP: 5/5
  1289 | D:2      | Learned a level 2 spell: Searing Ray
  1404 | D:2      | Reached XP level 3. HP: 7/26 MP: 2/6
  1649 | D:2      | Noticed Sigmund
  2062 | D:3      | Found a white marble altar of Elyvilon.
  2087 | D:3      | Mangled by a gnoll

Levels and vault maps discovered:
D:1:      ebering_trefoil_3fold, layout_basic
D:2:      lemuel_upstairs_altar, layout_rooms, fountainhead, chequers_big_river,
          uniq_sigmund
D:3:      layout_basic, lemuel_crystal_altar, portal_sewer_entry_b

Skill      XL: |  1  2 |
---------------+-------+-----
Stealth        | 2 3 |  3.7
Dodging        | |  1.7
Spellcasting   | |  2.0
Conjurations   | |  4.2

Action                   || total
-------------------------++-------
Melee: Short sword       ||   106
       Whip              ||     6
       Tailslap          ||    15
       Dagger            ||    20
 Cast: Magic Dart        ||     4
       Searing Ray       ||     4
  Use: Scroll            ||     1
 Stab: Sleeping          ||     2
  Eat: Chunk             ||     4
Armor: Skin              ||    61
Dodge: Dodged            ||   125

Table legend:
 A = Non-vault XP
 B = Vault XP
 C = Vault XP percentage of total XP
 D = Non-vault monster count
 E = Vault monster count
 F = Vault count percentage of total count
                 A         B        C        D         E       F
            +---------+---------+-------+---------+---------+-------
      Total |      83 |       0 |   0.0 |      31 |       0 |   0.0
            +---------+---------+-------+---------+---------+-------
        D:1 |      23 |       0 |   0.0 |      13 |       0 |   0.0
        D:2 |      52 |       0 |   0.0 |      15 |       0 |   0.0
        D:3 |       8 |       0 |   0.0 |       3 |       0 |   0.0
            +---------+---------+-------+---------+---------+-------
